 Dungeon Crawl Stone Soup version 0.27.1-34-g3ba077fa99 (webtiles) character file.

Game seed: 7064677040757342104

63 hawla the Conjurer (level 3, 0/28 HPs)
             Began as a Draconian Conjurer on Jan 23, 2022.
             Slain by Grinder (1 damage)
             ... on level 3 of the Dungeon.
             The game lasted 00:09:51 (2520 turns).

hawla the Conjurer (Draconian Conjurer)             Turns: 2520, Time: 00:09:52

Health: 0/28       AC:  5    Str:  9 (11) XL:     3   Next: 89%
Magic:  1/6        EV: 11    Int: 16 (19) God:
Gold:   90         SH:  2    Dex:  7 (9)  Spells: 4/7 levels left

rFire    . . .     SeeInvis .   i - +4 rapier
rCold    . . .     Faith    .   g - +0 buckler
rNeg     . . .     Spirit   .   (armour unavailable)
rPois    .         Reflect  .   (helmet restricted)
rElec    .         Harm     .   (no cloak)
rCorr    .         Rampage  .   (no gloves)
Will     .....                  (no boots)
Stlth    +.........             (no amulet)
HPRegen  0.00/turn              (no ring)
MPRegen  0.10/turn              (no ring)

@: inhibited regen
A: AC +5, unfitting armour, cold-blooded, inhibited regeneration, strong 1
a: no special abilities


You were on level 3 of the Dungeon.
You visited 1 branch of the dungeon, and saw 4 of its levels.

You collected 90 gold pieces.

Inventory:

Hand Weapons
 i - a +4 rapier (weapon)
Missiles
 e - 4 silver javelins
 h - 8 boomerangs (quivered)
 n - 8 poisoned darts
Armour
 g - a +0 buckler (worn)
Wands
 k - a wand of paralysis (11)
Scrolls
 b - a scroll of fog
Potions
 d - a potion of flight
 f - a potion of mutation


   Skills:
 - Level 1.0 Fighting
 - Level 1.7 Dodging
 - Level 1.7 Stealth
 + Level 0.5 Shields
 + Level 2.6 Spellcasting
 + Level 4.4 Conjurations
 + Level 1.7 Translocations


You had 4 spell levels left.
You knew the following spells:

 Your Spells              Type           Power      Damage    Failure   Level
a - Magic Dart            Conj           64%        1d6       4%          1
b - Searing Ray           Conj           32%        3d4       8%          2

Your spell library contained the following spells:

 Spells                   Type           Power      Damage    Failure   Level
 Dazzling Flash           Conj/Hex       18%        N/A       36%         3
 Slow                     Hex            2%         N/A       43%         2
 Iskenderun's Mystic Bla  Conj/Tloc      12%        2d5       63%         4
 Confusing Touch          Hex            2%         N/A       67%         3
 Fulminant Prism          Conj/Hex       4%         3d6       77%         4
 Yara's Violent Unravell  Hex/Tmut       1%         3d3       100%        5


Dungeon Overview and Level Annotations

Branches:
Dungeon (4/15)
 Temple: D:4-7

Altars:
Ashenzari

Shops:
D:2 [

Annotations:
D:3 Grinder


Innate Abilities, Weirdness & Mutations

Your plain brown scales are hard. (AC +5)
You cannot fit into any form of body armour.
You are cold-blooded and may be slowed by cold attacks.
You do not regenerate when monsters are visible.
Your muscles are strong. (Str +2)


Message History

You suddenly lose the ability to move!
Grinder says, "There's only one good use for a tongue: cutting it out."
Grinder hits you!
* * * LOW HITPOINT WARNING * * *
You can move again.
Grinder blinks!
Grinder gestures at you. Pain shoots through your body!
* * * LOW HITPOINT WARNING * * *
Unknown command.
Casting: Searing Ray (safe; 8% risk of failure)
Confirm with . or Enter, or press ? or * to list all spells.
You don't have enough magic to cast this spell.
You feel much better.
Casting: Searing Ray (safe; 8% risk of failure)
Confirm with . or Enter, or press ? or * to list all spells.
Aiming: Magic Dart (safe; 4% risk of failure)
Press: ? - help, Shift-Dir - straight line, f/p - Grinder
Aim: Grinder (100% to hit)
The magic dart hits Grinder.
Grinder is lightly wounded.
Grinder gestures at you. Pain shoots through your body!
Grinder gestures at you. Pain shoots through your body! Grinder hits you.
* * * LOW HITPOINT WARNING * * *
You writhe in agony.
* * * LOW HITPOINT WARNING * * *
You closely miss Grinder. You block Grinder's attack.
You closely miss Grinder. Grinder gestures at you.
You resist with significant effort. Grinder hits you.
* * * LOW HITPOINT WARNING * * *
You writhe in agony.
* * * LOW HITPOINT WARNING * * *
Grinder barely misses you. Grinder hits you.
You die...

##### #######
#...## #.....#
###... #.....#
#... #.5...# #...
#@##### #.#. #.#
#.#. #.# ###...
#)###########.....
#>)...............
####......####.###
#......# #.# #
#......# #.###
#......# #....


You could see Grinder.

Vanquished Creatures
  2 adders
  3 dart slugs
  2 ball pythons (D:2)
  3 endoplasms
  A giant cockroach (D:1)
  3 goblins
  8 hobgoblins
  2 jackals (D:2)
  2 quokkas
  2 bats
  A frilled lizard (D:1)
  5 kobolds
  5 rats
39 creatures vanquished.

Notes
Turn   | Place    | Note
-------+----------+-------------------------------------------
     0 | D:1      | hawla the Draconian Conjurer began the quest for the Orb.
     0 | D:1      | Reached XP level 1. HP: 14/14 MP: 3/3
   162 | D:1      | Found a faded altar of an unknown god.
   214 | D:1      | Reached XP level 2. HP: 15/22 MP: 0/5
   217 | D:1      | Learned a level 2 spell: Searing Ray
   451 | D:1      | Reached skill level 1 in Fighting
   877 | D:2      | Reached skill level 1 in Translocations
  1046 | D:2      | Reached XP level 3. HP: 21/28 MP: 2/6
  1408 | D:2      | Found Geqaloxo's Antique Armour Emporium.
  1453 | D:2      | Found a broken altar of Ashenzari.
  2388 | D:4      | Noticed Grinder
  2497 | D:3      | Gained mutation: Your muscles are strong. (Str +2) [potion
                  | of mutation]
  2497 | D:3      | Gained mutation: You do not regenerate when monsters are
                  | visible. [potion of mutation]
  2503 | D:3      | Paralysed by Grinder for 3 turns
  2518 | D:3      | HP: 1/28 [Grinder (3)]
  2520 | D:3      | Slain by Grinder

Illustrated notes

Levels and vault maps discovered:
D:1:      mrwooster_arrival_statue, layout_rooms, ebering_ecumenical_altar_mist,
          minmay_misc_feat_plants
D:2:      layout_rooms, serial_shops, shop_fountains, basic_altar, fountainhead
D:3:      layout_basic
D:4:      layout_basic, serial_shops, shop, st_stairs_14,
          uniq_crazy_yiuf_cottage, uniq_grinder

Skill      XL: |  1  2 |
---------------+-------+-----
Fighting       | 1 |  1.0
Translocations | 1 |  1.7
Dodging        | |  1.7
Stealth        | |  1.7
Shields        | |  0.5
Spellcasting   | |  2.6
Conjurations   | |  4.4

Action                   || total
-------------------------++-------
Melee: Unarmed           ||     2
       Tailslap          ||     2
       Rapier            ||    18
 Cast: Magic Dart        ||    45
       Searing Ray       ||    17
  Use: Scroll            ||     7
       Potion            ||     3
Armor: Skin              ||    12
Dodge: Dodged            ||    26
Block: Buckler           ||     2
